 Dungeon Crawl Stone Soup version 0.30.1-11-g7821555f0a (webtiles) character file.

Game seed: 7642844440008747677

100 lonewolfV2 the Trooper (level 5, -3/43 HPs)
             Began as a Formicid Fighter on Dec 11, 2023.
             Killed from afar by a goblin (13 damage)
             ... with a bolt of acid
             ... on level 3 of the Dungeon.
             The game lasted 00:04:33 (1951 turns).

lonewolfV2 the Trooper (Formicid Fighter)           Turns: 1951, Time: 00:04:33

Health: -3/43      AC:  6    Str: 26    XL:     5   Next: 3%
Magic:  5/5        EV:  9    Int:  8    God:
Gold:   150        SH:  5    Dex: 15    Spells: 4/4 levels left

rFire   . . .        a - +0 war axe
rCold   . . .        c - +0 buckler
rNeg    . . .        b - +0 scale mail
rPois   .            (helmet unavailable)
rElec   .            (no cloak)
rCorr   .            (no gloves)
SInv    +            (no boots)
Will    .....        (no amulet) Stlth
                     l - +6 ring of strength
HPRegen 0.27/turn    (no ring)
MPRegen 0.09/turn

%: no passive effects
@: no status effects
A: permanent stasis, dig shafts and tunnels, antennae 3, four strong arms
a: Dig, Shaft Self


You were on level 3 of the Dungeon.
You visited 1 branch of the dungeon, and saw 3 of its levels.

You collected 150 gold pieces.

Inventory:

Hand Weapons
 a - a +0 war axe (weapon)
Armour
 b - a +0 scale mail (worn)
 c - a +0 buckler (worn)
Jewellery
 l - a +6 ring of strength (left hand)
 m - a ring of resist corrosion
 n - a +6 ring of intelligence
Scrolls
 k - a scroll of butterflies {unknown}
 o - a scroll of fear {unknown}
 p - a scroll of blinking {unknown}
Potions
 d - a potion of might
 e - 2 potions of lignification {unknown}
 f - a potion of brilliance {unknown}
 g - a potion of flight
 h - 2 potions of resistance {unknown}
 i - 2 potions of haste
 j - a potion of curing {unknown}


   Skills:
 + Level 4.7 Fighting
 + Level 3.6 Axes
 - Level 3.2 Armour
 - Level 4.0 Shields


You had 4 spell levels left.
You didn't know any spells.
Your spell library contained the following spells:

 Spells                   Type           Power      Damage    Failure   Level
 Apportation              Tloc           0%         N/A       75%         1
 Necrotise                Necr           0%         1d4       75%         1
 Summon Small Mammal      Summ           0%         N/A       75%         1
 Frozen Ramparts          Ice            0%         1d1       98%         3
 Volatile Blastmotes      Fire/Tloc      0%         2d10      98%         3
 Fulminant Prism          Conj/Hex       0%         3d5       100%        4
 Ice Form                 Ice/Tmut       0%         N/A       100%        4
 Iskenderun's Mystic Bla  Conj/Tloc      0%         2d3       100%        4
 Summon Ice Beast         Ice/Summ       0%         N/A       100%        4
 Lee's Rapid Deconstruct  Erth           0%         3d4*      100%        5


Dungeon Overview and Level Annotations

Branches:
Dungeon (3/15)

Altars:
Xom

Shops:
D:2 (   D:3 [(


Innate Abilities, Weirdness & Mutations

You cannot be hasted, slowed, berserked, paralysed or teleported.
You can dig through walls and to a lower floor.
You have a pair of large antennae on your head. (SInv)
Your four strong arms can wield two-handed weapons with a shield.


Message History

The hobgoblin hits you.
A hobgoblin is nearby!
You closely miss the hobgoblin.
The hobgoblin hits you but does no damage.
A hobgoblin is nearby!
You hit the hobgoblin.
The hobgoblin is almost dead.
You block the hobgoblin's attack. x2
A hobgoblin is nearby!
You hit the hobgoblin but do no damage.
The hobgoblin is almost dead.
The hobgoblin hits you but does no damage.
You barely miss the hobgoblin.
The hobgoblin is almost dead.
You block the hobgoblin's attack.
A hobgoblin is nearby!
You hit the hobgoblin.
You kill the hobgoblin!
o - a scroll labelled UPNEJE UTSAOLI You now have 150 gold pieces (gained 9).
Things that are here:
6 stones; a hobgoblin corpse
Found Zygip's Antique Armour Shop.
p - a scroll labelled KEYGUH GOMUWI Key pressed, stopping explore.
Found a stone staircase leading up.
Key pressed, stopping explore.
You sense a monster nearby.
A goblin comes into view.
It is wielding a +0 arbalest and carrying a wand of acid (6).
The goblin shouts!
The goblin zaps a wand.
The bolt of acid misses you.
The goblin shoots a bolt.
The bolt misses you.
A goblin is nearby!
A goblin is nearby!
The goblin shoots a bolt.
The bolt barely misses you.
The goblin zaps a wand.
The bolt of acid hits you!
The goblin zaps a wand.
The bolt of acid hits you!
* * * LOW HITPOINT WARNING * * *
The goblin zaps a wand.
The bolt of acid hits you!
You die...

####### #.. #.....#
#.. #####.....# #..
####.........##...
.#####..
#....###..........
........
#....#.....#.# #
#####..
#......###.#.##..#
#####.. #....###
#.≈.≈..# #......
#...## #@≈g≈#.###
#.####. ##..####
#.≈≈≈....###.#...#
#<....#
#.###........(.###
#.###.###.#
#....###...##. #.
#..##.#
#....###...#.. #.
##....#
#..........#.. ..
####.###.....##...#..
.. #.......####...#..
#.. #.......# #...##.


You could see a goblin.

Vanquished Creatures
  An adder (D:2)
  6 worms (D:2)
  3 dart slugs
  3 endoplasms
  9 giant cockroaches
  3 goblins
  8 hobgoblins
  6 jackals
  3 kobolds (D:1)
  3 quokkas
  4 ball pythons
  3 bats
  4 frilled lizards
  8 rats
64 creatures vanquished.

Notes
Turn   | Place    | Note
-------+----------+-------------------------------------------
     0 | D:1      | lonewolfV2 the Formicid Fighter began the quest for the
                  | Orb.
     0 | D:1      | Reached XP level 1. HP: 18/18 MP: 1/1
   136 | D:1      | Reached XP level 2. HP: 23/24 MP: 2/2
   499 | D:1      | Reached XP level 3. HP: 30/30 MP: 3/3
  1259 | D:2      | Reached XP level 4. HP: 35/37 MP: 4/4
  1285 | D:2      | Found a shimmering altar of Xom.
  1343 | D:2      | Found Leaz Rel's Antique Weapon Shop.
  1687 | D:3      | Found Muyngur's Antique Weapon Shoppe.
  1878 | D:3      | Reached XP level 5. HP: 41/43 MP: 5/5
  1916 | D:3      | Found Zygip's Antique Armour Shop.
  1951 | D:3      | Killed from afar by a goblin

Illustrated notes

Levels and vault maps discovered:
D:1:      psy_arrival_radial02, layout_loops_ring
D:2:      layout_rooms, serial_shops, shop_fountains, basic_altar,
          nicolae_wormholes
D:3:      minmay_roachtagon, layout_rooms, nicolae_overflow_ecumenical_swirl,
          nicolae_qazlal_eye_of_the_storm, serial_shops, shop,
          nicolae_shop_tiny_waterfront, uniq_jessica

Skill      XL: |  1  2  3 |
---------------+----------+-----
Fighting       | 4 |  4.7
Axes           | 3 |  3.6
Armour         | |  3.2
Shields        | |  4.0

Action                     |  1- 3 |  4- 6 || total
---------------------------+-------+-------++-------
  Melee: War axe           |    88 |    70 ||   158
Ability: Dig               |       |     1 ||     1
    Use: Scroll            |     4 |     2 ||     6
 Armour: Scale mail        |    46 |    40 ||    86
  Dodge: Dodged            |    51 |    41 ||    92
  Block: Buckler           |    30 |    22 ||    52
